 Seeded DCSS version 0.31-a0-66-ge618eeaa78 (webtiles) character file.

Game seed: 1007316256282069755 (custom seed)

78 edwardauron the Covered (level 4, 29/29 HPs)
             Began as a Gargoyle Fighter on May 22, 2023.
             Got out of the dungeon alive.
             The game lasted 00:01:30 (1655 turns).

edwardauron the Covered (Gargoyle Fighter)          Turns: 1655, Time: 00:01:31

Health: 29/29      AC: 11    Str: 22    XL:     4   Next: 36%
Magic:  4/4        EV:  9    Int:  8    God:
Gold:   47         SH:  4    Dex:  9    Spells: 3/3 levels left

rFire   . . .        a - +0 war axe
rCold   . . .        c - +0 buckler
rNeg    + . .        b - +0 scale mail
rPois   ∞            (no helmet)
rElec   +            (no cloak)
rCorr   .            h - +0 pair of gloves
SInv    .            (no boots)
Will    .....        (no amulet) Stlth
                     (no ring)
HPRegen 0.24/turn    (no ring)
MPRegen 0.09/turn

%: no passive effects
@: no status effects
A: sickness immunity, AC +3, negative energy resistance 1, electricity
resistance, torment resistance 1, petrification resistance
a: no special abilities


You escaped.
You visited 1 branch of the dungeon, and saw 3 of its levels.

You collected 47 gold pieces.

Inventory:

Hand Weapons
 a - a +0 war axe (weapon)
Armour
 b - a +0 scale mail (worn)
 c - a +0 buckler (worn)
 h - a +0 pair of gloves (worn)
Scrolls
 e - a scroll of enchant weapon {unknown}
 f - a scroll of enchant armour {unknown}
 g - a scroll of identify {unknown}
 i - a scroll of immolation {unknown}
 j - a scroll of fog {unknown}
 k - a scroll of magic mapping {unknown}
 l - a scroll of poison {unknown}
 m - a scroll of amnesia {unknown}
 n - a scroll of acquirement {unknown}
Potions
 d - a potion of might


   Skills:
 - Level 3.7 Fighting
 + Level 2.8 Axes
 + Level 4.1 Armour
 - Level 3.7 Shields


You had 3 spell levels left.
You didn't know any spells.
Your spell library contained the following spells:

 Spells                   Type           Power      Damage    Failure   Level
 Blink                    Tloc           0%         N/A       90%         2
 Lesser Beckoning         Tloc           0%         N/A       90%         2
 Momentum Strike          Conj/Tloc      0%         3d8       90%         2


Dungeon Overview and Level Annotations

Branches:
Dungeon (3/15)

Altars:
Makhleb
Sif Muna


Innate Abilities, Weirdness & Mutations

You are immune to sickness and miasma.
Your stone body is resilient. (AC +3)
You are immune to poison.
You resist negative energy. (rN+)
You are resistant to electric shocks. (rElec)
You are resistant to unholy torment.
You are immune to petrification.


Message History

The kobold closely misses you.
You slash the kobold!
You kill the kobold!
There is a burning altar of Makhleb here.
You see here a +0 dagger.
There is a burning altar of Makhleb here.
You see here a +0 dagger.
A hobgoblin comes into view.
Found a shimmering blue altar of Sif Muna.
The hobgoblin shouts!
The hobgoblin barely misses you.
You barely miss the hobgoblin. The hobgoblin barely misses you.
The hobgoblin hits you but does no damage.
You barely miss the hobgoblin. You block the hobgoblin's attack.
You barely miss the hobgoblin. You block the hobgoblin's attack.
You closely miss the hobgoblin.
The hobgoblin hits you but does no damage.
The hobgoblin completely misses you.
You barely miss the hobgoblin. The hobgoblin closely misses you.
You slash the hobgoblin!
You kill the hobgoblin!
There is a shimmering blue altar of Sif Muna, spattered with blood here.
There is a shimmering blue altar of Sif Muna, spattered with blood here.
(D) Dungeon
Where to? (Enter - D:3, ? - help)
What level of the Dungeon? (default 1, ? - help)
There is a large open translucent door here.
There is an open door here.
There is a stone staircase leading up here.
You climb upwards.
There is a stone staircase leading down here.
There is a stone staircase leading up here.
You climb upwards.
There is a stone staircase leading down here.
You open the door.
There is an open door here.
You see here 4 javelins.
There is a staircase leading out of the dungeon here.
Are you sure you want to leave the Dungeon?
This will make you lose the game!
You have escaped!

#.##.............# #.........#
#)#####'########.# ##.........
#.....#.# ######'#######.####.#.#
#####.#.# #...........##.#....#†#
#####.#.# #...........##.#.##.#.#
......#.# #...........##.#.##.#.#
#######.# #...........##.#.##.#.#
....###.###...........##.#......#
.##.#....##.....@.....##.####.###
....#.#..##...........##..###.#
.#..#.#..##...........##.....>#
.#..#.#..##...........##......#
....#.#..##.....(.....##..###.#
.#.##.#..##...........##..##..#
.#..#.#..#######'#######......#
.##.#.##.#######.#######...##.#
.#....#...................###.#


There were no monsters in sight!

Vanquished Creatures
  2 adders
  2 worms (D:2)
  A dart slug (D:1)
  7 endoplasms
  3 goblins
  3 hobgoblins
  8 jackals (D:1)
  3 quokkas
  4 ball pythons
  7 bats
  6 kobolds
  5 rats
51 creatures vanquished.

Notes
Turn   | Place    | Note
-------+----------+-------------------------------------------
     0 | D:1      | edwardauron the Gargoyle Fighter began the quest for the
                  | Orb.
     0 | D:1      | Reached XP level 1. HP: 14/14 MP: 1/1
   111 | D:1      | Found a faded altar of an unknown god.
   219 | D:1      | Reached XP level 2. HP: 16/19 MP: 2/2
   457 | D:1      | Reached XP level 3. HP: 14/23 MP: 3/3
  1374 | D:2      | Reached skill level 4 in Armour
  1374 | D:2      | Reached XP level 4. HP: 29/29 MP: 4/4
  1502 | D:3      | Found a large runed translucent door.
  1509 | D:3      | Found a large runed translucent door.
  1524 | D:3      | Found a burning altar of Makhleb.
  1537 | D:3      | Found a shimmering blue altar of Sif Muna.
  1655 | D:$      | Got out of the dungeon alive.

Illustrated notes

Levels and vault maps discovered:
D:1:      psy_arrival_statuary, layout_basic,
          dreamdust_ecumenical_altar_angels_and_demons
D:2:      layout_loops_ring
D:3:      layout_basic, mainiacjoe_overflow_alcove_1, jmf_multi_god_temple2,
          serial_shops, shop

Skill      XL: |  1  2  3 |
---------------+----------+-----
Axes           | 2 |  2.8
Armour         | 4 |  4.1
Fighting       | |  3.7
Shields        | |  3.7

Action                     |  1- 3 |  4- 6 || total
---------------------------+-------+-------++-------
  Melee: War axe           |   150 |    11 ||   161
 Armour: Scale mail        |    92 |     4 ||    96
  Dodge: Dodged            |    79 |     7 ||    86
  Block: Buckler           |    32 |     3 ||    35

Table legend: (Time is in decaauts)
 A = Elapsed time spent in this place.
 B = Non-inter-level travel time spent in this place.
 C = Inter-level travel time spent in this place.
 D = Time resting spent in this place.
 E = Time spent auto-exploring this place.
 F = Levels seen in this place.
 G = Mean time per level.
                   A        B        C        D        E       F      G
               +--------+--------+--------+--------+--------+-----+--------+
         Total |   1724 |   1588 |    136 |      0 |   1162 |   3 |  574.7 |
       Dungeon |   1724 |   1588 |    136 |      0 |   1162 |   3 |  574.7 |
               +--------+--------+--------+--------+--------+-----+--------+

Top non-repeatable levels by time:
     D:1: 866 daAuts
     D:2: 754 daAuts
     D:3: 102 daAuts
